 Dungeon Crawl Stone Soup version 0.31-a0-986-g5e6e4ef867 (webtiles) character file.

Game seed: 8222098753316270386

168 ytrimaz the Insei (level 5, -22/39 HPs)
             Began as a Demigod Shapeshifter on Nov 15, 2023.
             Killed by an exploding butterfly (27 damage)
             ... ignited by their inner flame
             ... on level 4 of the Dungeon.
             The game lasted 00:03:35 (3213 turns).

ytrimaz the Insei (Demigod Shapeshifter)            Turns: 3213, Time: 00:03:36

Health: -22/39     AC:  2    Str: 15    XL:     5   Next: 3%
Magic:  7/7        EV: 14    Int: 12    God:
Gold:   203        SH:  0    Dex: 23    Spells: 4/4 levels left

rFire   . .          .
                       - Unarmed
rCold   . . .        (no shield)
rNeg    . . .        a - +0 animal skin
rPois   +            (helmet currently unavailable)
rElec   .            (cloak currently unavailable)
rCorr   .            (gloves currently unavailable)
SInv    .            (boots currently unavailable)
Will    .....        (no amulet)
Stlth   ++           p - ring of poison resistance
HPRegen 0.26/turn    b - +6 ring of dexterity
MPRegen 0.10/turn

%: no passive effects
@: beast-form, hasted, very quick
A: beast (slay +2), high MP 1, forlorn, divine attributes
a: Begin Untransformation


You were on level 4 of the Dungeon.
You were a hulking beast.
You visited 1 branch of the dungeon, and saw 4 of its levels.

You collected 203 gold pieces.


Innate Abilities, Weirdness & Mutations

You are a hulking beast.
Your limbs bulge with bestial killing power. (Slay +2)
You have an increased reservoir of magic. (+10% MP)
You shall have no god before yourself.
Your divine heritage dramatically boosts your attributes as you level up.


   Skills:
 - Level 0.8 Fighting
 + Level 3.2 Dodging
 + Level 3.8 Unarmed Combat
 + Level 3.6 Shapeshifting


You had 4 spell levels left.
You didn't know any spells.
Your spell library contained the following spells:

 Spells                   Type           Power      Damage    Failure   Level
 Necrotise                Necr           0%         1d4       32%         1
 Vampiric Draining        Necr           0%         2d6       69%         3
 Agony                    Necr           0%         N/A       100%        5

Inventory:

Armour
 a - a +0 animal skin (worn)
 r - a +2 helmet
   (You took it off Robin on level 4 of the Dungeon)
Jewellery
 b - a +6 ring of dexterity (right hand)
   (You found it on level 2 of the Dungeon)
 h - a +6 ring of intelligence
   (You found it on level 1 of the Dungeon)
 m - a +6 ring of intelligence
   (You found it on level 3 of the Dungeon)
 p - a ring of poison resistance (left hand)
   (You found it on level 3 of the Dungeon)
Talismans
 c - a beast talisman
 d - a flux talisman
Wands
 q - a wand of charming (7)
   (You found it on level 4 of the Dungeon)
Scrolls
 k - a scroll of butterflies
 l - a scroll of vulnerability {unknown}
 n - a scroll of revelation {unknown}
 o - a scroll of teleportation {unknown}
Potions
 g - a potion of attraction
 i - a potion of haste
 j - 2 potions of might

Dungeon Overview and Level Annotations

Branches:
Dungeon (4/15) Zot: 20805
 Temple: D:4-7

.##.#....#.# h#
#...)#.##### ..
+...|)....). .#
#...<#.).... .#
#....#...##. .#
#....#...##. #
############...##.
##♣P♣P♣P8§§§§§§###...##.
.....bbh§§§§§§§.........
##♣P♣P♣§8§§§§§§##....###
# ######### #.......
#....##. #....# ...?.#
#....# ......


There were no monsters in sight!


Message History

* * * LOW HITPOINT WARNING * * *
A magic dart appears from out of thin air!
The magic dart hits something! 😨 HP[-8]
You take 8 damage, and now have 13/39 hp.
MASSIVE DAMAGE!! (PAUSE) Unknown command.
Okay, then.
Unknown command.
You bump into the rock wall.
You bump into the rock wall.
Something hits you.
* * * LOW HITPOINT WARNING * * *
The orc wizard hits you with a +0 dagger.
* * * LOW HITPOINT WARNING * * *
The orc hits you but does no damage.
You hear some strange, mumbled words. 😨 HP[-3]
You take 3 damage, and now have 10/39 hp.
Unknown command.
You bump into the demonic tree.
Something hits you but does no damage.
The orc wizard hits you with a +0 dagger.
* * * LOW HITPOINT WARNING * * *
The orc hits you with a +0 dagger.
* * * LOW HITPOINT WARNING * * *
😱 HP[-6]
You take 6 damage, and now have 4/39 hp.
Unknown command.
You barely miss the orc.
Unknown command.
Unknown command.
You hit the orc.
You kill the orc!
The orc wizard casts a spell at you. You resist with some effort.
Unknown command.
Unknown command.
You bump into the rock wall.
You feel less confused.
The orc wizard points at you and mumbles some strange words.
The puff of flame misses you.
Unknown command.
Things that are here:
a +0 dagger; a +0 leather armour Unknown command.
As you read the scroll of butterflies, it crumbles to dust.
You hear the flapping of tiny wings.
The orc wizard is knocked back by the sudden gust.
Something hits your butterfly.
Your butterfly dies!
Your butterfly disappears in a burst of colours! 😱 HP[+1] Unknown command.
You swap places.
The orc wizard hits your butterfly with a +0 dagger.
Your butterfly dies!
Your butterfly disappears in a burst of colours!
Something closely misses the orc wizard.
Something misses your butterfly.
You swap places.
You swap places.
Something hits your butterfly.
Your butterfly dies!
Your butterfly disappears in a burst of colours!
As you read the scroll labelled QOOCKI ETZOHU, it crumbles to dust.
The creatures around you are filled with an inner flame!
It was a scroll of immolation.
The orc wizard hits your butterfly with a +0 dagger.
Your butterfly disappears in a burst of colours!
The fiery explosion engulfs your butterfly!!
Your butterfly disappears in a burst of colours!
The fiery explosion engulfs your butterfly!!
Your butterfly disappears in a burst of colours!
The fiery explosion engulfs the orc wizard!!!
The demonic tree burns, releasing chaotic energy.
The fiery explosion engulfs something!!!
Reactivating autopickup.
You feel a bit more experienced.
The orc wizard explodes!
The demonic tree burns, releasing chaotic energy.
The fiery explosion engulfs something!!
You feel a bit more experienced.
The orc wizard explodes!
The demonic tree burns, releasing chaotic energy.
The orc wizard explodes!
The demonic tree burns, releasing chaotic energy.
The fiery explosion engulfs your butterfly!
Your butterfly disappears in a burst of colours!
The fiery explosion engulfs your butterfly!!
Your butterfly disappears in a burst of colours!
The fiery explosion engulfs your butterfly!!
Your butterfly disappears in a burst of colours!
The fiery explosion engulfs your butterfly!!
Your butterfly disappears in a burst of colours!
The fiery explosion engulfs your butterfly!!
Your butterfly disappears in a burst of colours!
The fiery explosion engulfs the demonic plant!!
The demonic plant begins to die.
The fiery explosion engulfs your butterfly!
Your butterfly disappears in a burst of colours!
The fiery explosion engulfs you!!
Ouch! That really hurt!
You die...

Skill      XL: |  1  2  3  4 |
---------------+-------------+-----
Dodging        | 2 3 |  3.2
Unarmed Combat | 3 |  3.8
Shapeshifting  | 3 |  3.6
Fighting       | |  0.8

Action                     |  1- 3 |  4- 6 || total
---------------------------+-------+-------++-------
  Melee: Unarmed           |   106 |   121 ||   227
         Punch             |     3 |     2 ||     5
    Use: Potion            |     1 |     3 ||     4
         Scroll            |       |     6 ||     6
   Stab: Sleeping          |     3 |     4 ||     7
 Armour: Animal skin       |    40 |    93 ||   133
         Skin              |    27 |       ||    27
  Dodge: Dodged            |    55 |   130 ||   185

Levels and vault maps discovered:
D:1:      grunt_arrival_lava_bath, layout_loops_ring, minmay_surrounded
D:2:      layout_loops_corners, minmay_fountain_box
D:3:      cheibrodos_greedy_goblins, layout_loops_ring, lemuel_tele_altar,
          minivault_23, grunt_ministairs_8
D:4:      layout_basic, minivault_4, dreamdust_princess_corridor,
          minmay_crystal_water, minmay_strange_pillars, uniq_menkaure,
          uniq_robin, uniq_edmund, uniq_pikel

Notes
Turn   | Place    | Note
-------+----------+-------------------------------------------
     0 | D:1      | ytrimaz the Demigod Shapeshifter began the quest for the
                  | Orb.
     0 | D:1      | Reached XP level 1. HP: 15/15 MP: 3/3
     0 | D:1      | magus.rc [v1.9.6]
    55 | D:1      | HP: 2/15 [gnoll/+0 flail (7)]
    57 | D:1      | Reached skill level 2 in Dodging
    57 | D:1      | Reached XP level 2. HP: 3/22 MP: 4/4
   160 | D:1      | Reached skill level 3 in Unarmed Combat
   301 | D:1      | Reached skill level 3 in Shapeshifting
   460 | D:1      | You pick up a book of Necromancy and begin reading...
   460 | D:1      | You add the spells Necrotise, Vampiric Draining and Agony
                  | to your library.
   561 | D:1      | Reached XP level 3. HP: 18/27 MP: 5/5
  1530 | D:2      | HP: 7/40 [gnoll/+0 flail (7)]
  1537 | D:2      | Reached XP level 4. HP: 11/34 MP: 6/6
  2303 | D:3      | Reached skill level 3 in Dodging
  2543 | D:3      | HP: 8/34 [goblin/+0 dagger (3)]
  2978 | D:4      | HP: 7/34 [goblin/+0 dagger[Robin] (3)]
  3030 | D:4      | Noticed Robin
  3090 | D:4      | Killed Robin
  3091 | D:4      | Reached XP level 5. HP: 39/39 MP: 7/7
  3147 | D:4      | Noticed a black bear
  3204 | D:4      | HP: 7/39 [orc wizard/+0 dagger (3)]
  3213 | D:4      | Killed by an exploding butterfly... ignited by their inner
                  | flame

Vanquished Creatures
  3 orc wizards (D:4)
  Robin (D:4)
  4 gnolls
  3 adders (D:3)
  A worm (D:2)
  3 dart slugs
  2 orcs (D:4)
  3 ball pythons (D:1)
  3 endoplasms
  2 giant cockroaches
  22 goblins
  12 hobgoblins
  5 quokkas
  3 bats (D:3)
  4 frilled lizards
  3 kobolds
  7 rats
81 creatures vanquished.

Table legend:
 A = Non-vault XP
 B = Vault XP
 C = Vault XP percentage of total XP
 D = Non-vault monster count
 E = Vault monster count
 F = Vault count percentage of total count
                 A         B        C        D         E       F
            +---------+---------+-------+---------+---------+-------
      Total |     274 |      58 |  17.5 |      54 |      27 |  33.3
            +---------+---------+-------+---------+---------+-------
        D:1 |      51 |       7 |  12.1 |      20 |       5 |  20.0
        D:2 |      64 |       0 |   0.0 |      12 |       0 |   0.0
        D:3 |      62 |      17 |  21.5 |      17 |      10 |  37.0
        D:4 |      97 |      34 |  26.0 |       5 |      12 |  70.6
            +---------+---------+-------+---------+---------+-------

Skill      XL: |  1  2  3  4 |
---------------+-------------+-----
Dodging        | 2 3 |  3.2
Unarmed Combat | 3 |  3.8
Shapeshifting  | 3 |  3.6
Fighting       | |  0.8

Action                     |  1- 3 |  4- 6 || total
---------------------------+-------+-------++-------
  Melee: Unarmed           |   106 |   121 ||   227
         Punch             |     3 |     2 ||     5
    Use: Potion            |     1 |     3 ||     4
         Scroll            |       |     6 ||     6
   Stab: Sleeping          |     3 |     4 ||     7
 Armour: Animal skin       |    40 |    93 ||   133
         Skin              |    27 |       ||    27
  Dodge: Dodged            |    55 |   130 ||   185

Illustrated notes

Table legend:
 A = Kills in this place as a percentage of kills in the entire game.
 B = Kills by you in this place as a percentage of kills by you in the entire game.
 C = Kills by friends in this place as a percentage of kills by friends in the entire game.
 D = Other kills in this place as a percentage of other kills in the entire game.
 E = Experience gained in this place as a percentage of experience gained in the entire game.
 F = Experience gained in this place divided by the number of levels of this place that you have seen.
                   A       B       C       D       E      F
               +-------+-------+-------+-------+-------+----------------------
         Total | 100.0 | 100.0 |   N/A |   N/A | 100.0 |  83.0
       Dungeon | 100.0 | 100.0 |   N/A |   N/A | 100.0 |  83.0
               +-------+-------+-------+-------+-------+----------------------

Table legend: (Time is in decaauts)
 A = Elapsed time spent in this place.
 B = Non-inter-level travel time spent in this place.
 C = Inter-level travel time spent in this place.
 D = Time resting spent in this place.
 E = Time spent auto-exploring this place.
 F = Levels seen in this place.
 G = Mean time per level.
                   A        B        C        D        E       F      G
               +--------+--------+--------+--------+--------+-----+--------+
         Total |   3193 |   3126 |     67 |     49 |   2492 |   4 |  798.2 |
       Dungeon |   3193 |   3126 |     67 |     49 |   2492 |   4 |  798.2 |
               +--------+--------+--------+--------+--------+-----+--------+

Top non-repeatable levels by time:
     D:3: 1141 daAuts
     D:2: 949 daAuts
     D:1: 889 daAuts
     D:4: 213 daAuts
